 Dungeon Crawl Stone Soup version 0.28.0-43-g3370ac3207 (console) character file.

Game seed: 15931799074037259093

2994 Zeor the Cudgeller (level 9, -2/108 HPs)
             Began as a Palentonga Fighter on Mar 14, 2022.
             Was a Believer of Wu Jian.
             Slain by a wolf (4 damage)
             ... led by Grum
             ... on level 8 of the Dungeon.
             The game lasted 00:30:51 (8586 turns).

Zeor the Cudgeller (Palentonga Fighter)             Turns: 8586, Time: 00:30:51

Health: -2/108     AC: 20    Str: 29    XL:     9   Next: 54%
Magic:  9/9        EV:  5    Int: 14    God:    Wu Jian [**....]
Gold:   331        SH:  5    Dex:  9    Spells: 8/8 levels left

rFire   + . .      SeeInvis +   a - +2 mace {vorpal, rF+ rCorr Int+4}
rCold   . . .      Faith    .   c - +1 buckler
rNeg    . . .      Spirit   .   E - +0 plate armour
rPois   .          Reflect  .   k - +0 helmet
rElec   .          Harm     .   G - scarf {repulsion}
rCorr   +          Rampage  .   p - +0 pair of gloves
Will    .....                   (no barding)
Stlth   ..........              (no amulet)
HPRegen 0.28/turn               s - +6 ring of strength
MPRegen 0.11/turn               (no ring)

@: mighty, berserking, studying Armour, repel missiles, curled up, very quick
A: large, rugged brown scales 3, see invisible, deformed body, roll 1, armoured
tail, reflexive curl
a: Rolling Charge, Renounce Religion, Wall Jump


You were on level 8 of the Dungeon.
You worshipped Wu Jian.
Wu Jian was pleased with you.
You visited 2 branches of the dungeon, and saw 9 of its levels.
You also visited: Sewer.

You collected 331 gold pieces.

Inventory:

Hand Weapons
 a - the +2 mace of Bloody Death (weapon) {vorpal, rF+ rCorr Int+4}
   (You found it on level 5 of the Dungeon)

   It inflicts extra damage upon your enemies.
   Int:       It affects your intelligence (+4).
   rF:        It protects you from fire.
   rCorr:     It protects you from acid and corrosion.
 b - a +0 flail of holy wrath
 m - a +0 hand crossbow
 t - a +1 long sword
Missiles
 e - 86 arrows
 i - 77 sling bullets
 j - 88 bolts
 l - 8 javelins
 n - 26 poisoned darts
Armour
 c - a +1 buckler (worn)
 k - a +0 helmet (worn)
 p - a +0 pair of gloves (worn)
 E - a +0 plate armour (worn)
 G - a scarf of repulsion (worn)
Jewellery
 s - a +6 ring of strength (left hand)
Wands
 q - a wand of paralysis (7)
 v - a wand of acid (9)
 y - a wand of flame (25)
Scrolls
 g - a scroll of enchant weapon
 u - 3 scrolls of vulnerability
 w - 3 scrolls of teleportation
 A - a scroll of fear
Potions
 d - a potion of flight
 f - 2 potions of cancellation
 h - a potion of brilliance {unknown}
 o - a potion of haste {unknown}
 r - 2 potions of mutation
 z - a potion of invisibility {unknown}
 B - a potion of magic {unknown}
 C - a potion of experience {unknown}
 F - 2 potions of lignification


   Skills:
 + Level 5.2 Fighting
 + Level 5.8 Long Blades
 * Level 7.6 Maces & Flails
 * Level 7.1 Armour
 + Level 1.0 Dodging
 - Level 0.5 Stealth
 * Level 4.1 Shields


You had 8 spell levels left.
You didn't know any spells.
Your spell library contained the following spells:

 Spells                   Type           Power      Damage    Failure   Level
 Tukima's Dance           Hex            0%         N/A       100%        3
 Passage of Golubria      Tloc           0%         N/A       100%        4
 Fireball                 Conj/Fire      0%         3d3       100%        5
 Yara's Violent Unravell  Hex/Tmut       0%         3d3       100%        5
 Starburst                Conj/Fire      0%         6d3       100%        6
 Ignition                 Fire           0%         3d3       100%        8


Dungeon Overview and Level Annotations

Branches:
Dungeon (8/15)             Temple (1/1) D:4           Sewer (visited)
   Lair: D:8-11

Altars:
Dithmenos
Elyvilon
Fedhas
Gozag
Hepliaklqana
Nemelex Xobeh
Okawaru
Qazlal
Ru
Sif Muna
Trog
Uskayaw
Vehumet
Wu Jian
Xom
Yredelemnul
The Shining One

Shops:
D:6 [

Annotations:
D:8 Grum, Maurice


Innate Abilities, Weirdness & Mutations

You are completely covered in rugged brown scales. (AC +3, +7% HP)
You have supernaturally acute eyesight. (SInv)
Armour fits poorly on your strangely shaped body.
You can roll at nearby foes to attack.
You have a long armoured tail.
You curl defensively after being hit. (AC +7*)


Message History

Grum hits you from afar with a +0 spear.
You feel very mighty all of a sudden. The wolf barely misses you.
Grum hits you from afar with a +0 spear!
The wolf bites you.
You thump the wolf!
The wolf is heavily wounded.
The wolf bites you!
Grum hits you from afar with a +0 spear.
The wolf bites you but does no damage.
You are too injured to fight recklessly!
You are too injured to fight recklessly!
You closely miss the wolf.
The wolf is heavily wounded.
The wolf bites you.
Grum glances around and shouts, "Rover!
Here boy!"
Grum hits you but does no damage.
The wolf stops to sniff the ground.
You block the wolf's attack.
You miss the wolf.
The wolf is heavily wounded.
The wolf bites you but does no damage.
Grum hits you from afar with a +0 spear!
You closely miss the wolf.
Your tail-slap misses the wolf.
The wolf is heavily wounded.
The wolf bites you.
* * * LOW HITPOINT WARNING * * *
Grum hits you but does no damage. The wolf barely misses you.
You barely miss the wolf.
Your tail-slap misses the wolf.
The wolf is heavily wounded.
The wolf bites you but does no damage.
Grum hits you from afar with a +0 spear!
* * * LOW HITPOINT WARNING * * *
The wolf bites you but does no damage.
A red film seems to cover your vision as you go berserk!
You feel yourself moving faster!
You feel mighty! You block the wolf's attack.
Grum hits you from afar with a +0 spear!
* * * LOW HITPOINT WARNING * * *
The wolf bites you.
You die...

■∙∙∙∙∙∙≈∙∙
▒▒▒∙∙∙∙≈≈≈∙∙
■∙∙∙∙∞∙≈≈≈∙∙
▒▒▒▒▒
▒∙∙∙∙∙≈≈∙∙∙
∙∙∙∙▒
▒∙∙∙∙∙∙∙∙∙∙
∙∙∙∙▒
▒@∙∙∙∙∙∙∙∙∙
∙∙∙∙▒
▒gh∙∙∙∙>∙∙∙
≈∙∙∙▒▒
▒h▒■▒▒∙∙∙∙∙
∙<∙∙∙▒▒▒▒▒
▒H▒


∙∙∙∙∙ ∙∙∙∙∙∙∙∙∙▒▒▒▒▒▒▒∙▒ ∙∙∙∙ ∙∙∙∙∙∙∙∙∙∙∙∙∙∙▒▒∙▒ ∙∙∙ ∙∙∙∙∙∙∙∙▒▒▒∙∙∙∙∙>▒ ∙∙∙
∙∙∙∙∙∙∙∙∙∙▒∙▒∙▒▒∙▒ ∙▄∙∙⌠∙∙▄∙∙▒∙∙∙∙∙∙▒ ∙∙∙∙∙∙∙∙∙∙▒∙∙∙∙∙∙∙∙∙▒
▒∙∙∙∙∙∙∙∙▒▒▒∙∙∙▒∙∙∙∙▒ ∙∙∙∙∙∙∙∙∙∙ ▒▒∙∙▒∙∙∙∙▒ You could see Maurice, Grum and 2
wolves.

Vanquished Creatures
  Maggie (D:6)
  A shadow (D:5)
  A wyvern (D:7)
  2 water moccasins
  An ice beast (D:6)
  A sky beast (D:6)
  An orc warrior (D:7)
  A black bear (D:2)
  A necrophage (D:8)
  A wolf (D:8)
  3 ogres
  A centaur (D:6)
  A kobold brigand (Sewer)
  A bullfrog (D:7)
  A wyvern skeleton (D:6)
  2 scorpions
  2 water moccasin skeletons (D:6)
  A howler monkey (D:6)
  2 bullfrog zombies (D:5)
  2 centaur zombies (D:6)
  4 hounds
  A centaur skeleton (D:6)
  4 orc priests
  Ijyb (D:5)
  4 iguanas
  5 orc wizards
  A howler monkey zombie (D:6)
  7 adders
  5 river rats
  A shadow imp (D:7)
  3 white imps
  An adder skeleton (D:5)
  2 worms
  2 dart slugs
  12 orcs
  A bat (D:1)
  5 endoplasms
  A giant cockroach (D:1)
  4 goblins
  7 hobgoblins
  4 quokkas
  19 ball pythons
  4 frilled lizards
  20 kobolds
  28 rats
173 creatures vanquished.

Vanquished Creatures (others)
  2 river rats (D:6)
2 creatures vanquished.

Grand Total: 175 creatures vanquished

Notes
Turn   | Place    | Note
-------+----------+-------------------------------------------
     0 | D:1      | Zeor the Palentonga Fighter began the quest for the Orb.
     0 | D:1      | Reached XP level 1. HP: 19/19 MP: 1/1
   249 | D:1      | Reached XP level 2. HP: 23/25 MP: 2/2
   767 | D:1      | Found a faded altar of an unknown god.
   975 | D:2      | Reached XP level 3. HP: 23/31 MP: 3/3
  1186 | D:2      | Noticed a black bear
  1199 | D:2      | Killed a black bear
  1200 | D:2      | Reached XP level 4. HP: 22/39 MP: 4/4
  1583 | D:2      | Reached XP level 5. HP: 44/44 MP: 5/5
  2858 | D:4      | Noticed a water moccasin
  2866 | D:4      | Killed a water moccasin
  2867 | D:4      | Reached XP level 6. HP: 33/51 MP: 6/6
  2868 | D:4      | Found a staircase to the Ecumenical Temple.
  2880 | Temple   | Entered the Ecumenical Temple
  3119 | Temple   | Became a worshipper of the Wu Jian Council
  3683 | D:5      | Entered Level 5 of the Dungeon
  3719 | D:5      | Reached skill level 5 in Long Blades
  3851 | D:5      | Gained mutation: You curl defensively after being hit. (AC
                  | +7*) [Palentonga growth]
  3851 | D:5      | Reached XP level 7. HP: 35/57 MP: 7/7
  4166 | D:5      | Identified the +2 mace of Bloody Death {vorpal, rF+ rCorr
                  | Int+4}
  4313 | D:5      | Noticed Ijyb
  4325 | D:5      | Killed Ijyb
  4735 | D:5      | Reached skill level 1 in Maces & Flails
  4787 | D:5      | Noticed a shadow
  4813 | D:5      | Killed a shadow
  5250 | D:6      | Reached XP level 8. HP: 44/65 MP: 8/8
  5268 | D:6      | Noticed Maggie
  5295 | D:6      | Killed Maggie
  5300 | D:6      | Reached skill level 5 in Armour
  5312 | D:6      | Reached * piety under Wu Jian
  5313 | D:6      | Reached skill level 1 in Dodging
  5315 | D:6      | Reached skill level 5 in Maces & Flails
  5334 | D:6      | Found a glowing drain.
  5344 | Sewer    | Entered a sewer
  5772 | Sewer    | Reached ** piety under Wu Jian
  5891 | Sewer    | Reached skill level 5 in Fighting
  6114 | D:6      | Found Reagy's Armour Shop.
  6129 | D:6      | Found a shimmering blue altar of Sif Muna.
  6267 | D:6      | Reached XP level 9. HP: 19/72 MP: 9/9
  6892 | D:6      | Found a basalt altar of Yredelemnul.
  7023 | D:6      | Found a white marble altar of Elyvilon.
  7477 | D:7      | Found a glowing golden altar of the Shining One.
  8514 | D:8      | Found a bloodstained altar of Trog.
  8537 | D:8      | Found a shadowy altar of Dithmenos.
  8568 | D:8      | Noticed Grum
  8577 | D:8      | Noticed Maurice
  8586 | D:8      | HP: 2/108 [Grum/+0 spear (13)]
  8586 | D:8      | Slain by a wolf

Illustrated notes

Levels and vault maps discovered:
D:1:      dpeg_arrival_simpleton_b, layout_basic,
          chequers_ecumenical_altar_simple_redux, item_on_display_a
D:2:      layout_basic, glass_columns_a
D:3:      layout_loops_ring
D:4:      layout_rooms, minmay_temple_entry_butterflies
D:5:      layout_basic, kennysheep_cluttered_room, kennysheep_dice, uniq_ijyb
D:6:      layout_loops_ring, mainiacjoe_overflow_tiny_flanked,
          kennysheep_ying_yang, portal_sewer_entry_b, serial_shops, shop,
          minmay_manual_mail, uniq_maggie
D:7:      hellmonk_destroyed_diamonds, layout_cave_pools,
          overflow_temple_1_default
D:8:      layout_basic, grunt_temple_overflow_open, uniq_grum, uniq_maurice
Temple:   oiseaux_autumnal_temple

Skill      XL: |  1  2  3  4  5  6  7  8  9 |
---------------+----------------------------+-----
Long Blades    | 3 4 5 |  5.8
Armour         | 3 4 5 7 |  7.1
Shields        | 3 4 |  4.1
Fighting       | 4 5 |  5.2
Maces & Flails | 3 6 7 |  7.6
Dodging        | 1 |  1.0
Stealth        | |  0.5

Action                   |  1- 3 |  4- 6 |  7- 9 || total
-------------------------+-------+-------+-------++-------
Melee: Long sword        |    69 |   104 |     8 ||   181
       Tailslap          |     9 |    11 |    47 ||    67
       Mace              |       |       |   374 ||   374
Invok: Whirlwind         |       |       |    44 ||    44
       Lunge             |       |       |    13 ||    13
 Abil: Rolling Charge    |     9 |    25 |    24 ||    58
Evoke: Wand              |       |       |     1 ||     1
  Use: Potion            |     2 |     3 |     7 ||    12
       Scroll            |       |    10 |     4 ||    14
 Stab: Paralysed         |       |       |     2 ||     2
Armor: Scale mail        |    32 |    40 |     4 ||    76
       Chain mail        |       |       |   189 ||   189
       Skin              |       |       |    23 ||    23
       Plate armour      |       |       |    15 ||    15
Dodge: Dodged            |    17 |    35 |    87 ||   139
Block: Buckler           |    12 |    23 |    96 ||   131
